 Dungeon Crawl Stone Soup version 0.31-a0-202-g547052bce9 (webtiles) character file.

Game seed: 5446125533907558726

3714 lunkers the Cruncher (level 10, -6/73 HPs)
             Began as a Meteoran Wanderer on June 26, 2023.
             Was a Believer of Ashenzari.
             Hit by a javelin thrown by a centaur (9 damage)
             ... in a bailey.
             The game lasted 00:13:31 (3820 turns).

lunkers the Cruncher (Meteoran Wanderer)            Turns: 3820, Time: 00:13:32

Health: -6/73      AC: 10    Str: 11    XL:     10   Next: 62%
Magic:  21/21      EV: 15    Int: 16    God:    Ashenzari [**....]
Gold:   169        SH:  0    Dex: 22    Spells: 19/23 levels left

rFire   . . .        b - +5 quarterstaff (elec)
rCold   . . .        (shield currently unavailable)
rNeg    . . .        d - +2 leather armour of Supernal Gnosis {Cun, Alch} (curse)
rPois   .            u - +0 helmet "Prophetic Urgency" {Range, Evo} (curse)
rElec   .            x - +0 cloak of the Shattered Sphere {Range, Self} (curse)
rCorr   .            D - +2 pair of gloves {Dex+3}
SInv    +            (no boots)
Will    +....        (no amulet)
Stlth   +            z - +4 ring of slaying
HPRegen 0.32/turn    (no ring)
MPRegen 0.17/turn

%: no passive effects
@: glowing, bezotted
A: sense surroundings 2, otherworldly, glowing, explore regen
a: Renounce Religion, Shatter the Chains


You were in a bailey.
You worshipped Ashenzari.
Ashenzari was pleased with you.
You visited 2 branches of the dungeon, and saw 8 of its levels.
You also visited: Bailey.

You collected 350 gold pieces.
You spent 181 gold pieces at shops.

Inventory:

Hand Weapons
 a - a +3 spear of venom
 b - a +5 quarterstaff of electrocution (weapon)
 j - a +0 dagger of electrocution
 t - a +0 dagger
Missiles
 e - 5 javelins
Armour
 d - the cursed +2 leather armour of Supernal Gnosis (worn) {Cun, Alch}

   It has a curse which improves the following skills: Cunning: Dodging and
   Stealth.
   Alchemy:   Poison Magic and Transmutations.
 u - the cursed +0 helmet "Prophetic Urgency" (worn) {Range, Evo}
   (You took it off Robin on level 3 of the Dungeon)

   It has a curse which improves the following skills: Ranged Combat: Ranged
   Weapons and Throwing.
   Evocations: Evocations.
 w - a +0 buckler
 x - the cursed +0 cloak of the Shattered Sphere (worn) {Range, Self}
   (You took it off Crazy Yiuf on level 3 of the Dungeon)

   It has a curse which improves the following skills: Ranged Combat: Ranged
   Weapons and Throwing.
   Introspection: Fighting and Spellcasting.
 D - a +2 pair of gloves of dexterity (worn)
Jewellery
 z - a +4 ring of slaying (left hand)
Wands
 p - a wand of roots (4)
 y - a wand of charming (7)
 A - a wand of quicksilver (1)
Scrolls
 g - 4 scrolls of enchant weapon
Potions
 c - 3 potions of berserk rage
 m - a potion of resistance
 n - 4 potions of attraction
 o - 2 potions of curing
 q - a potion of mutation
 C - a potion of haste


   Skills:
 + Level 1.2(2.0) Fighting
 - Level 7.2(10.1) Polearms
 - Level 11.1(12.0) Staves
 + Level 4.9(6.0) Dodging
 - Level 1.2 Shields
 - Level 6.1(7.3) Spellcasting
 - Level 9.3 Summonings


You had 19 spell levels left.
You knew the following spells:

 Your Spells              Type           Power      Damage    Failure   Level
b - Call Canine Familiar  Summ           35%        N/A       1%          3
p - Summon Small Mammal   Summ           100%       N/A       1%          1

Your spell library contained the following spells:

 Spells                   Type           Power      Damage    Failure   Level
 Sublimation of Blood     Necr           5%         N/A       24%         2
 Petrify                  Tmut/Erth      6%         N/A       83%         4
 Irradiate                Conj/Tmut      3%         3d12      99%         5


Dungeon Overview and Level Annotations

Branches:
Dungeon (7/15) Zot: 1026   Temple (1/1) D:5 Zot: 484  Bailey (1/1) Zot: 79

Altars:
Ashenzari
Cheibriados
Gozag
Hepliaklqana
Kikubaaqudgha
Makhleb
Okawaru
Qazlal
Wu Jian
Xom
The Shining One

Shops:
D:4 [   D:5 [=!


Innate Abilities, Weirdness & Mutations

You passively map the area around you.
You are easily found by Zot.
You glow in the dark.
You regain HP and MP as you explore.


Message History

Press: ? - help, Shift-Dir - straight line, f/p - orc warrior
Aim: an orc warrior, wielding a +0 halberd and wearing a +0 chain mail (moderately wounded, ally target, 68% to hit)
The bolt of dispelling energy hits the orc warrior!
The orc warrior is almost dead.
The centaur throws a javelin.
The javelin closely misses you.
The orc warrior hits you from afar with a +0 halberd!
* * * LOW HITPOINT WARNING * * *
Unknown command.
Aiming: Quicksilver Bolt
Press: ? - help, Shift-Dir - straight line, f/p - orc warrior
Aim: an orc warrior, wielding a +0 halberd and wearing a +0 chain mail (almost dead, ally target, 68% to hit)
The bolt of dispelling energy hits the orc warrior!
You kill the orc warrior!
The centaur throws a javelin.
The javelin pierces through you.
* * * LOW HITPOINT WARNING * * *
The centaur throws a javelin.
The javelin closely misses you.
An orc comes into view. It is wielding a +0 trident.
The centaur throws a javelin.
The javelin closely misses you.
Your centaur throws a javelin.
The javelin barely misses the centaur. x2
Training target 12.0 for Staves reached!
You need to enable at least one skill for training.
Aiming: Fastroot
Press: ? - help, Shift-Dir - straight line, f - centaur
Aim: a centaur, wielding a +0 spear, wearing a +0 scale mail and quivering javelins The roots erupt in riotous growth!
Roots grab the centaur.
The grasping roots constrict the centaur, but do no damage.
You hear a shout! x2
The centaur throws a javelin.
The javelin pierces through you.
* * * LOW HITPOINT WARNING * * *
The centaur escapes!
Unknown command.
Aiming: Quicksilver Bolt
Press: ? - help, Shift-Dir - straight line, f/p - centaur
Aim: a centaur, wielding a +0 spear, wearing a +0 scale mail and quivering javelins (86% to hit)
The bolt of dispelling energy misses the centaur.
The centaur throws a javelin.
The javelin pierces through you!
* * * LOW HITPOINT WARNING * * *
The centaur throws a javelin.
The javelin pierces through you!
You die...

≈≈≈≈≈≈≈≈.#...#,≈≈~ ~*
~≈≈≈≈≈≈..≈#...#≈.. ~
~≈≈≈≈..≈≈≈.....≈≈≈..≈
*
≈≈≈.≈≈≈.........≈≈≈.
~
≈≈≈c≈.....≈≈≈.....≈.
~~
≈≈.≈≈.⌠..≈≈≈≈≈..⌠.≈≈
~
≈≈c≈.....≈≈≈≈≈.....≈
~ *
≈.≈≈....≈≈~~~≈≈....≈~
~≈c≈....@≈c≈~≈~≈.....
, ~ ≈.≈.....≈~≈|≈~≈..
~ ~
*~≈.≈....)≈~≈?≈~≈..
,~ ~~ *
≈.≈.....≈~≈:≈~≈. , ,
~ ≈.≈.....≈~≈≈≈~≈. ,
~ ≈.≈≈....≈≈~≈~≈≈,, ,
~ ≈≈.≈.....≈~≈~≈o, ~
* ≈≈.≈≈.⌠..≈≈~≈≈. ~~
~ , ~ ,


You could see 3 centaurs, an orc and a friendly centaur (charmed).

Vanquished Creatures
  Pikel (D:5)
  Prince Ribbit (D:6)
  Eustachio (D:5)
  10 orc warriors
  2 black bears (D:5)
  A sky beast (D:7)
  4 centaurs
  An ogre (D:5)
  2 phantoms
  4 lemures (D:5)
  6 scorpions
  5 wights (D:7)
  2 hounds
  2 orc priests
  5 iguanas
  Ijyb (D:3)
  Terence (D:3)
  An orc wizard (D:5)
  3 adders
  2 white imps
  A dart slug (D:2)
  20 orcs
  4 bats
  2 endoplasms
  5 giant cockroaches
  A hobgoblin (D:1)
  6 jackals (D:5)
  3 kobolds
  A quokka (D:3)
  5 ball pythons
  A frilled lizard (D:2)
  13 goblins
  6 rats
123 creatures vanquished.

Vanquished Creatures (collateral kills)
  An ogre (D:5)
  Crazy Yiuf (D:3)
  A sleepcap (D:5)
  Robin (D:3)
  4 orcs (Bailey)
  A hobgoblin (D:3)
9 creatures vanquished.

Vanquished Creatures (others)
  An orc (Bailey)
1 creature vanquished.

Grand Total: 133 creatures vanquished

Notes
Turn   | Place    | Note
-------+----------+-------------------------------------------
     0 | D:1      | lunkers the Meteoran Wanderer began the quest for the Orb.
     0 | D:1      | lunkers set off with the following items: a +0 dagger, a +0
                  | buckler, a potion of berserk rage, a +2 leather armour; and
                  | the following spell memorised: Summon Small Mammal; and the
                  | following spells available to memorise: Call Canine
                  | Familiar.
     0 | D:1      | Reached XP level 1. HP: 16/16 MP: 3/3
   139 | D:1      | Reached XP level 2. HP: 23/23 MP: 5/5
   259 | D:2      | Found a faded altar of an unknown god.
   387 | D:2      | Reached XP level 3. HP: 10/28 MP: 7/7
   391 | D:2      | Learned a level 3 spell: Call Canine Familiar
   768 | D:3      | Reached XP level 4. HP: 15/35 MP: 8/8
   836 | D:3      | Found a broken altar of Ashenzari.
   838 | D:3      | Noticed Ijyb
   849 | D:3      | Killed Ijyb
   850 | D:3      | Reached skill level 5 in Summonings
   865 | D:3      | Became a worshipper of Ashenzari the Shackled
   925 | D:3      | Noticed Robin
   957 | D:3      | Reached XP level 5. HP: 21/40 MP: 5/10
   960 | D:3      | Killed Robin
  1265 | D:3      | Noticed Terence
  1272 | D:3      | Killed Terence
  1292 | D:3      | Found a runed translucent door.
  1293 | D:3      | Noticed Crazy Yiuf
  1349 | D:3      | Killed Crazy Yiuf
  1350 | D:3      | Reached skill level 1 in Polearms
  1574 | D:4      | Reached XP level 6. HP: 43/47 MP: 12/12
  1617 | D:4      | Found Jinulyne's Armour Boutique.
  2117 | D:4      | Found an ornate altar of the Wu Jian Council.
  2230 | D:4      | Found an iron altar of Okawaru.
  2285 | D:4      | Glimpsed the power of Zot.
  2325 | D:5      | Entered Level 5 of the Dungeon
  2325 | D:5      | Found a staircase to the Ecumenical Temple.
  2332 | D:5      | Reached XP level 7. HP: 46/52 MP: 14/14
  2413 | D:5      | Found Xyogun's Antique Armour Shoppe.
  2456 | D:5      | Reached skill level 5 in Spellcasting
  2456 | D:5      | Reached XP level 8. HP: 31/59 MP: 13/16
  2488 | D:5      | Noticed Pikel
  2531 | D:5      | Killed Pikel
  2532 | D:5      | Reached skill level 5 in Polearms
  2532 | D:5      | Gained mutation: You passively map the area around you.
                  | [Meteoran growth]
  2532 | D:5      | Reached XP level 9. HP: 13/64 MP: 11/19
  2544 | D:5      | Found Wirhen's Jewellery Boutique.
  2614 | D:5      | Noticed Eustachio
  2632 | D:5      | Killed Eustachio
  2707 | D:5      | Found Ythrid Neomos's Distillery.
  2768 | D:4      | Bought a +1 pair of gloves of dexterity for 181 gold pieces
  2790 | Temple   | Entered the Ecumenical Temple
  3002 | D:5      | Reached skill level 2 in Staves
  3007 | D:5      | Glimpsed the power of Zot.
  3015 | D:5      | Reached skill level 3 in Staves
  3026 | D:5      | Reached skill level 4 in Staves
  3056 | D:5      | Glimpsed the power of Zot.
  3088 | D:6      | Noticed Prince Ribbit
  3102 | D:6      | Killed Prince Ribbit
  3103 | D:6      | Reached skill level 5 in Staves
  3123 | D:6      | Found a shimmering altar of Xom.
  3129 | D:6      | You fall into a shaft and drop 1 floor!
  3153 | D:7      | Found an opulent altar of Gozag.
  3161 | D:7      | Reached skill level 6 in Staves
  3170 | D:7      | Reached skill level 7 in Staves
  3170 | D:7      | Reached XP level 10. HP: 36/71 MP: 20/20
  3227 | D:7      | Reached * piety under Ashenzari
  3245 | D:7      | Found a flagged portal.
  3249 | D:7      | Reached ** piety under Ashenzari
  3260 | D:7      | Reached skill level 8 in Staves
  3285 | Bailey   | Entered a bailey
  3333 | Bailey   | Reached skill level 9 in Staves
  3493 | Bailey   | Reached skill level 10 in Staves
  3620 | Bailey   | Identified the staff of the Kidney {Stlth+ Earth}
  3644 | Bailey   | Reached skill level 11 in Staves
  3800 | Bailey   | Glimpsed the power of Zot.
  3820 | Bailey   | HP: 3/73 [centaur/javelin (7)]
  3820 | Bailey   | Hit by a javelin thrown by a centaur

Illustrated notes

Levels and vault maps discovered:
D:1:      sevenhm_arrival_forest_fort_large_4, layout_rooms
D:2:      layout_loops_cross, ebering_ecumenical_altar_petrified
D:3:      layout_loops_ring, lemuel_tele_altar, hex_large,
          kennysheep_generic_room_13, uniq_crazy_yiuf_cottage, uniq_terence,
          uniq_robin, uniq_ijyb
D:4:      layout_basic, nicolae_wu_jian_wuxing_cycle, lemuel_round_altar,
          serial_shops, shop, uniq_duvessa
D:5:      layout_layer_cave, nicolae_ru_awakened_eye,
          minmay_temple_entry_butterflies, serial_shops, shop,
          nicolae_shop_temple_entry_statues_fountains, shop,
          minmay_manual_mares, uniq_eustachio, uniq_pikel
D:6:      layout_basic, mainiacjoe_overflow_alcove_2, mainiacjoe_overflow_paths,
          xom_teletrap_fun, kennysheep_mini, serial_shops, shop, uniq_sigmund,
          uniq_prince_ribbit1
D:7:      layout_cave_pools, nicolae_gozag_seed_capital, enter_bailey_5
Temple:   nicolae_temple_two_arcs
Bailey:   bailey_polearm_flooded_kennysheep, bailey

Skill      XL: |  1  2  3  4  5  6  7  8  9 10 |
---------------+-------------------------------+-----
Summonings     | 4 5 6 7 9 |  9.3
Spellcasting   | 2 3 4 5 6 |  6.1
Polearms       | 1 2 3 5 7 |  7.2
Staves         | 7 11 | 11.1
Fighting       | |  1.2
Dodging        | |  4.9
Shields        | |  1.2

Action                     |  1- 3 |  4- 6 |  7- 9 | 10-12 || total
---------------------------+-------+-------+-------+-------++-------
  Melee: Dagger            |   115 |    30 |       |       ||   145
         Spear             |       |    65 |   114 |       ||   179
         Quarterstaff      |       |       |    39 |    84 ||   123
   Cast: Call Canine Famil |       |     4 |     8 |       ||    12
 Invoke: Curse Item        |       |     1 |       |     2 ||     3
  Evoke: Wand              |       |       |       |     9 ||     9
    Use: Scroll            |       |       |    12 |       ||    12
         Potion            |       |       |       |     1 ||     1
 Armour: Leather armour    |    39 |    23 |    58 |    45 ||   165
  Dodge: Dodged            |    55 |    36 |   110 |    91 ||   292
  Block: Buckler           |    28 |    16 |    28 |       ||    72

Table legend: (Time is in decaauts)
 A = Elapsed time spent in this place.
 B = Non-inter-level travel time spent in this place.
 C = Inter-level travel time spent in this place.
 D = Time resting spent in this place.
 E = Time spent auto-exploring this place.
 F = Levels seen in this place.
 G = Mean time per level.
                   A        B        C        D        E       F      G
               +--------+--------+--------+--------+--------+-----+--------+
         Total |   3808 |   3634 |    174 |     74 |   2294 |   9 |  423.1 |
       Dungeon |   3173 |   2999 |    174 |      0 |   2120 |   7 |  453.3 |
        Temple |    115 |    115 |      0 |      0 |     80 |   1 |  115.0 |
        Bailey |    519 |    519 |      0 |     74 |     94 |   1 |  519.0 |
               +--------+--------+--------+--------+--------+-----+--------+

Top non-repeatable levels by time:
     D:4: 865 daAuts
     D:3: 774 daAuts
     D:5: 606 daAuts
  Bailey: 519 daAuts
     D:2: 503 daAuts
     D:1: 228 daAuts
     D:7: 151 daAuts
  Temple: 115 daAuts
     D:6: 43 daAuts
